 Dungeon Crawl Stone Soup version 0.22.0-6-g71bd7aa (webtiles) character file.

2419 Azzok the Geomancer (level 9, 0/45 HPs)
             Began as a Gargoyle Earth Elementalist on Aug 14, 2018.
             Was a Follower of Vehumet.
             Slain by a hog (9 damage)
             ... on level 6 of the Dungeon.
             The game lasted 00:12:06 (8131 turns).

Azzok the Geomancer (Gargoyle Earth Elementalist)   Turns: 8131, Time: 00:12:07

Health: 0/45       AC: 10    Str: 12    XL:     9   Next: 48%
Magic:  6/12       EV: 12    Int: 19    God:    Vehumet [*.....]
Gold:   274        SH:  0    Dex: 10    Spells: 3/12 levels left

rFire    . . .     SeeInvis .   k - +2 rapier (venom)
rCold    . . .     Gourm    .   (no shield)
rNeg     + . .     Faith    .   c - +0 robe
rPois    ∞         Spirit   .   y - +0 helmet
rElec    +         Reflect  .   G - scarf {repulsion}
rCorr    +         Harm     .   j - +0 pair of gloves
MR       .....                  (no boots)
Stlth    ++........             g - amulet of regeneration
HPRegen  0.55/turn              t - ring of resist corrosion
MPRegen  0.13/turn              (no ring)

@: repel missiles
A: negative energy resistance 1, electricity resistance, unbreathing,
petrification resistance, rot immunity, AC +6
a: Renounce Religion


You were on level 6 of the Dungeon.
You worshipped Vehumet.
Vehumet was aware of your devotion.
You were not hungry.

You visited 2 branches of the dungeon, and saw 8 of its levels.

You collected 330 gold pieces.
You spent 56 gold pieces at shops.

Inventory:

Hand Weapons
 k - a +2 rapier of venom (weapon)
Missiles
 b - 37 stones (quivered)
Armour
 c - a +0 robe (worn)
 j - a +0 pair of gloves (worn)
 v - a +0 cloak
 y - a +0 helmet (worn)
 G - a scarf of repulsion (worn)
Jewellery
 g - an amulet of regeneration (around neck)
 l - an uncursed amulet of the gourmand
 t - a ring of resist corrosion (left hand)
 C - a +4 ring of evasion {unknown}
Wands
 A - a wand of scattershot (3)
Scrolls
 a - 6 scrolls of remove curse {unknown}
 h - 2 scrolls of amnesia {unknown}
 o - a scroll of enchant weapon {unknown}
 q - a scroll of immolation {unknown}
 r - 2 scrolls of enchant armour {unknown}
 w - 2 scrolls of noise {unknown}
 x - a scroll of blinking {unknown}
 z - 2 scrolls of teleportation {unknown}
 B - 4 scrolls of identify
 F - 2 scrolls of fear {unknown}
Potions
 e - 5 potions of haste
 f - a potion of mutation {!q}
 i - a potion of magic
 m - 2 potions of agility
 n - a potion of flight {unknown}
 p - a potion of invisibility {unknown}
 s - 3 potions of curing {unknown}
 u - a potion of cancellation {unknown}
 D - a potion of degeneration {unknown}
 E - a potion of brilliance {unknown}
Comestibles
 d - 19 rations
 H - 4 chunks of flesh


   Skills:
 - Level 1.5 Dodging
 - Level 2.1 Stealth
 - Level 2.0 Spellcasting
 + Level 8.9 Conjurations
   Level 0.7 Transmutations
 + Level 11.5 Earth Magic


You had 3 spell levels left.
You knew the following spells:

 Your Spells              Type           Power        Failure   Level  Hunger
a - Sandblast             Erth           #####.       1%          1    #......
b - Stone Arrow           Conj/Erth      #####.       1%          3    ###....
c - Lee's Rapid Deconstr  Erth           #####.....   4%          5    ######.

Your spell library contained the following spells:

 Spells                   Type           Power        Failure   Level  Hunger
 Confuse                  Hex            #.......     45%         3    ###....
 Tukima's Dance           Hex            #.......     45%         3    ###....
 Passwall                 Tmut/Erth      ####....     1%          2    ###....
 Ensorcelled Hibernation  Hex/Ice        #.....       26%         2    ###....
 Corona                   Hex            #......      17%         1    #......
 Petrify                  Tmut/Erth      ####....     14%         4    #####..
 Dazzling Spray           Conj/Hex       ###...       9%          3    ###....


Dungeon Overview and Level Annotations

Branches:
Dungeon (7/15)             Temple (1/1) D:6

Altars:
Ashenzari
Cheibriados
Dithmenos
Elyvilon
Fedhas
Gozag
Hepliaklqana
Kikubaaqudgha
Makhleb
Nemelex Xobeh
Okawaru
Qazlal
Sif Muna
Uskayaw
Vehumet
Wu Jian
Xom
Yredelemnul
Zin
The Shining One

Shops:
D:5 ?


Innate Abilities, Weirdness & Mutations

You are resistant to torment.
Your stone body is resilient. (AC +6)
You are immune to poison.
You resist negative energy. (rN+)
You are resistant to electric shocks. (rElec)
You can survive without breathing.
You are immune to petrification.
You are immune to rotting.


Message History

Okay, then.
The hog barely misses you. The hog bites you.
* * * LOW HITPOINT WARNING * * *
There is an open door here.
The hog closely misses you. The hog bites you.
* * * LOW HITPOINT WARNING * * *
There is an open door here.
The hog completely misses you. The hog closely misses you.
The hog bites you but does no damage.
There is a stone staircase leading up here.
The hog bites you but does no damage. x2
You climb upwards.
There is a stone staircase leading down here.
The hog bites you.
* * * LOW HITPOINT WARNING * * *
You see here a robe.
The hog bites you!
You die...

▒·····························
▒·····························
▒▒▒▒·····························
·························▒··▒▒▒▒▒
·······················▒▒▒·▒▒
·▒▒············)·····▒▒▒ ▒·▒
▒▒▒▒▒········[[[····▒▒ ▒·▒▒
▒··············▒▒ ▒··▒ ▒
▒▒▒··········h@·▒▒ ▒··▒
▒▒▒············h▒▒▒ ▒▒··▒▒
··············>▒▒ ▒▒····▒▒▒▒
·······▒▒▒)···▒▒ ▒▒▒▒·········
·····▒▒▒ ▒▒····▒▒▒▒▒▒············
·····▒ ▒▒····▒·····▒▒▒▒▒······
·····▒▒ ▒············▒▒▒▒·····
······▒▒ ▒···············▒▒····
·▒····)▒ ▒▒················▒▒···


You could see 2 hogs.

Vanquished Creatures
  2 hogs (D:6)
  2 sky beasts
  A necrophage (D:7)
  2 ogres
  4 centaurs
  A phantom (D:4)
  A crocodile (D:7)
  A big kobold (D:7)
  A wyvern skeleton (D:6)
  2 wights (D:7)
  3 howler monkeys (D:7)
  2 crimson imps (D:6)
  A jelly (D:7)
  3 orc priests
  A bullfrog skeleton (D:5)
  5 orc wizards
  7 hounds
  A centaur skeleton (D:4)
  6 worker ants
  4 gnolls
  2 adders
  A shadow imp (D:6)
  An ooze (D:1)
  An adder zombie (D:7)
  2 worms
  A dart slug (D:4)
  24 orcs
  9 giant cockroaches
  7 goblins
  4 hobgoblins
  9 jackals
  2 quokkas
  12 bats
  2 frilled lizards
  9 kobolds
  2 rats (D:1)
138 creatures vanquished.

Notes
Turn   | Place    | Note
-------+----------+-------------------------------------------
     0 | D:1      | Azzok the Gargoyle Earth Elementalist began the quest for the Orb.
     0 | D:1      | Reached XP level 1. HP: 10/10 MP: 3/3
   191 | D:1      | Reached skill level 4 in Earth Magic
   280 | D:1      | Reached XP level 2. HP: 15/15 MP: 1/5
   832 | D:1      | Reached XP level 3. HP: 19/19 MP: 4/6
   991 | D:2      | Reached skill level 5 in Earth Magic
  1550 | D:3      | Reached XP level 4. HP: 19/24 MP: 2/7
  1551 | D:3      | Reached skill level 6 in Earth Magic
  1565 | D:3      | Learned a level 3 spell: Stone Arrow
  1842 | D:3      | Reached XP level 5. HP: 28/28 MP: 1/8
  2224 | D:3      | Reached skill level 1 in Conjurations
  2464 | D:3      | Found a stormy altar of Qazlal.
  2467 | D:3      | Found a glowing silver altar of Zin.
  2767 | D:3      | Found a blossoming altar of Fedhas.
  2841 | D:3      | Found a shattered altar of Ashenzari.
  2841 | D:3      | Found a shadowy altar of Dithmenos.
  2843 | D:3      | Found a snail-covered altar of Cheibriados.
  3272 | D:4      | Reached skill level 7 in Earth Magic
  3437 | D:4      | Found an iron altar of Okawaru.
  3607 | D:4      | Noticed a centaur
  3615 | D:4      | Killed a centaur
  3615 | D:4      | Reached XP level 6. HP: 12/32 MP: 0/9
  3772 | D:4      | Noticed a phantom
  3780 | D:4      | Killed a phantom
  4002 | D:4      | Learned a level 5 spell: Lee's Rapid Deconstruction
  4110 | D:4      | Found a hazy altar of Hepliaklqana.
  4244 | D:4      | Reached skill level 8 in Earth Magic
  4244 | D:4      | Reached XP level 7. HP: 36/36 MP: 3/10
  4364 | D:5      | Entered Level 5 of the Dungeon
  4760 | D:5      | Found Wiloin's Magic Scroll Emporium.
  4853 | D:5      | Bought a scroll of identify for 28 gold pieces
  4853 | D:5      | Bought a scroll of identify for 28 gold pieces
  4977 | D:5      | Reached skill level 5 in Conjurations
  5168 | D:5      | Reached skill level 9 in Earth Magic
  5658 | D:5      | Found an ancient bone altar of Kikubaaqudgha.
  5659 | D:5      | Found a glowing golden altar of the Shining One.
  5900 | D:6      | Reached XP level 8. HP: 34/41 MP: 6/11
  6059 | D:6      | Found a staircase to the Ecumenical Temple.
  6087 | Temple   | Entered the Ecumenical Temple
  6098 | Temple   | Became a worshipper of Vehumet
  6440 | D:6      | Reached skill level 10 in Earth Magic
  6603 | D:6      | Reached * piety under Vehumet
  6603 | D:6      | Offered knowledge of Freeze by Vehumet.
  7301 | D:7      | Reached XP level 9. HP: 45/45 MP: 9/12
  7522 | D:7      | Reached skill level 11 in Earth Magic
  8131 | D:6      | Slain by a hog

Skill      XL: |  1  2  3  4  5  6  7  8  9 |
---------------+----------------------------+-----
Earth Magic    | 4 5 6 7 8 9 10 11 | 11.5
Conjurations   | 3 4 5 7 8 |  8.9
Dodging        | |  1.5
Stealth        | |  2.1
Spellcasting   | |  2.0
Transmutations | |  0.7

Action                   |  1- 3 |  4- 6 |  7- 9 || total
-------------------------+-------+-------+-------++-------
Melee: Unarmed           |    19 |    14 |    20 ||    53
       Rapier            |       |       |   108 ||   108
 Cast: Sandblast         |    39 |    23 |    40 ||   102
       Stone Arrow       |       |    38 |    62 ||   100
  Use: Scroll            |       |       |     4 ||     4
 Stab: Sleeping          |     1 |       |       ||     1
  Eat: Chunk             |     2 |    12 |    21 ||    35
Armor: Robe              |    11 |    16 |    90 ||   117
Dodge: Dodged            |    19 |    23 |   134 ||   176
